 Dungeon Crawl Stone Soup version 0.24-a0-278-gefa1973 (webtiles) character file.

Game seed: 7173941626008840078

65 Gunnerkreig the Sneak (level 4, -4/28 HPs)
             Began as an Octopode Wizard on Apr 29, 2019.
             Slain by a worm (11 damage)
             ... on level 2 of the Dungeon.
             The game lasted 00:03:16 (1886 turns).

Gunnerkreig the Sneak (Octopode Wizard)             Turns: 1886, Time: 00:03:16

Health: -4/28      AC:  1    Str:  6    XL:     4   Next: 13%
Magic:  5/9        EV: 13    Int: 21    God:
Gold:   108        SH:  0    Dex: 10    Spells: 2/9 levels left

rFire    . . .     SeeInvis .   i - +0 dagger
rCold    . . .     Gourm    .   (no shield)
rNeg     . . .     Faith    .   a - +0 hat
rPois    .         Spirit   .   l - amulet of rage
rElec    .         Reflect  .   (no ring)
rCorr    .         Harm     .   (no ring)
MR       .....                  (no ring)
Stlth    +++.......             (no ring)
HPRegen  0.09/turn              (no ring)
MPRegen  0.11/turn              (no ring)
                                (no ring)
                                (no ring)

@: no status effects
A: almost no armour, stealthy swim, amphibious, 8 rings, constrict 8, camouflage
1, gelatinous body 1
a: Evoke Berserk Rage


You were on level 2 of the Dungeon.
You were not hungry.

You visited 1 branch of the dungeon, and saw 2 of its levels.

You collected 108 gold pieces.

Inventory:

Hand Weapons
 i - a +0 dagger (weapon)
Missiles
 d - 65 stones (quivered)
Armour
 a - a +0 hat (worn)
Jewellery
 l - an amulet of rage (around mantle)
Scrolls
 f - 3 scrolls of identify {unknown}
 h - a scroll of teleportation {unknown}
 j - a scroll of immolation {unknown}
Potions
 b - a potion of magic
 e - a potion of berserk rage
 g - a potion of mutation {unknown}
Comestibles
 c - 4 rations
 m - 6 chunks of flesh


   Skills:
 + Level 1.5 Fighting
 - Level 2.0 Dodging
 + Level 3.8 Stealth
 + Level 3.4 Spellcasting
 + Level 2.0 Conjurations
   Level 1.0 Summonings
   Level 1.0 Translocations


You had 2 spell levels left.
You knew the following spells:

 Your Spells              Type           Power        Failure   Level  Hunger
a - Magic Dart            Conj           ##..         5%          1    None
b - Conjure Flame         Conj/Fire      #.......     26%         3    ###....
c - Mephitic Cloud        Conj/Pois/Air  #.......     28%         3    ###....

Your spell library contained the following spells:

 Spells                   Type           Power        Failure   Level  Hunger
 Blink                    Tloc           N/A          13%         2    ##.....
 Call Imp                 Summ           #.......     13%         2    ##.....
 Slow                     Hex            #.......     19%         2    ##.....


Dungeon Overview and Level Annotations

Branches:
Dungeon (2/15)

Altars:


Innate Abilities, Weirdness & Mutations

You cannot wear most types of armour.
You are very stealthy in the water. (Stealth+)
You are amphibious.
You can wear up to eight rings at the same time.
You can use your tentacles to constrict eight enemies at once.
Your skin changes colour to match your surroundings (Stealth+).
Your rubbery body absorbs attacks. (AC +1, EV +1)


Message History

You constrict the worm. You barely miss the worm.
The worm is heavily wounded.
You constrict the worm. The worm bites you!
You hit the worm but do no damage.
The worm is heavily wounded.
You constrict the worm. You hit the worm.
The worm is heavily wounded.
You constrict the worm. The worm bites you!
* * * LOW HITPOINT WARNING * * *
Casting: Magic Dart (safe; 5% risk of failure)
Confirm with . or Enter, or press ? or * to list all spells.
Aiming: Magic Dart (safe; 5% risk of failure)
Press: ? - help, Shift-Dir - straight line, f/p - worm
Aim: a worm (heavily wounded, constricted by you)
The magic dart hits the worm.
The worm is severely wounded.
You constrict the worm. The worm bites you!
You die...

#.######### ##.###### #
#.......#### #..####.##..
#..####.....
###########....#####.#
##...###.............).......
....>##.....#.###....#####..
..........w@..# #...........
....##.....#<# #.#.######..
... #.....#...<.#.).......
#.# ###.#####.#.#.######..
##^# #. .....#.# #.. #..# #.
.# #.#. #.> #.## # ... #..
#.# #. #.. #.# #..


You could see a worm.

Vanquished Creatures
  3 adders (D:2)
  A worm (D:2)
  3 dart slugs
  A leopard gecko (D:1)
  2 giant cockroaches
  3 goblins (D:2)
  2 hobgoblins (D:1)
  3 jackals (D:2)
  2 bats (D:1)
  2 frilled lizards
  5 kobolds
  4 rats
31 creatures vanquished.

Notes
Turn   | Place    | Note
-------+----------+-------------------------------------------
     0 | D:1      | Gunnerkreig the Octopode Wizard began the quest for the
                  | Orb.
     0 | D:1      | Reached XP level 1. HP: 11/11 MP: 4/4
   485 | D:1      | Reached XP level 2. HP: 18/18 MP: 4/6
  1212 | D:2      | Reached skill level 1 in Fighting
  1212 | D:2      | Reached XP level 3. HP: 21/23 MP: 4/7
  1237 | D:2      | Learned a level 3 spell: Conjure Flame
  1241 | D:2      | Learned a level 3 spell: Mephitic Cloud
  1763 | D:2      | Reached XP level 4. HP: 28/28 MP: 6/9
  1886 | D:2      | Slain by a worm

Levels and vault maps discovered:
D:1:      tarquinn_simple_flora_water_f, layout_loops_ring
D:2:      layout_loops_ring, marbit_many_paths, first_ration

Skill      XL: |  1  2  3 |
---------------+----------+-----
Stealth        | 3 |  3.8
Fighting       | 1 |  1.5
Conjurations   | 2 |  2.0
Dodging        | |  2.0
Spellcasting   | |  3.4
Summonings     | |  1.0
Translocations | |  1.0

Action                   |  1- 3 |  4- 6 || total
-------------------------+-------+-------++-------
Melee: Unarmed           |     6 |       ||     6
       Tentacles         |     5 |     2 ||     7
       Constrict         |     5 |     2 ||     7
       Dagger            |    20 |     7 ||    27
 Cast: Magic Dart        |    59 |    11 ||    70
  Use: Potion            |     4 |       ||     4
 Stab: Sleeping          |     1 |       ||     1
  Eat: Chunk             |     2 |     1 ||     3
Armor: Skin              |     1 |       ||     1
Dodge: Dodged            |    26 |     3 ||    29

Table legend:
 A = Non-vault XP
 B = Vault XP
 C = Vault XP percentage of total XP
 D = Non-vault monster count
 E = Vault monster count
 F = Vault count percentage of total count
                 A         B        C        D         E       F
            +---------+---------+-------+---------+---------+-------
      Total |      93 |       0 |   0.0 |      31 |       0 |   0.0
            +---------+---------+-------+---------+---------+-------
        D:1 |      23 |       0 |   0.0 |      12 |       0 |   0.0
        D:2 |      70 |       0 |   0.0 |      19 |       0 |   0.0
            +---------+---------+-------+---------+---------+-------
